 Dungeon Crawl Stone Soup version 0.30.1-11-g7821555f0a (webtiles) character file.

Game seed: 5507706183127097484

9276 Ijustatesigmund the Destroyer (level 11, -11/70 HPs)
             Began as an Octopode Conjurer on Jan 10, 2024.
             Mangled by a death yak (25 damage)
             ... on level 8 of the Dungeon.
             The game lasted 00:32:40 (14454 turns).

Ijustatesigmund the Destroyer (Octopode Conjurer)  Turns: 14454, Time: 00:32:41

Health: -11/70     AC:  1    Str:  7    XL:     11   Next: 44%
Magic:  10/23      EV: 29    Int: 25    God:
Gold:   402        SH:  0    Dex: 10    Spells: 20/27 levels left

rFire   + . .        b - +4 trident
rCold   + . .        (no shield)
rNeg    . . .        (helmet restricted)
rPois   .            f - amulet of the acrobat
rElec   .            e - ring of protection from fire
rCorr   .            g - +4 ring of slaying
SInv    .            q - ring of protection from cold
Will    .....        (no ring)
Stlth   ++++         (no ring)
HPRegen 0.31/turn    (no ring)
MPRegen 0.18/turn    (no ring)
                     (no ring)

%: acrobat
@: acrobatic
A: almost no armour, amphibious, 8 rings, camouflage 1, gelatinous body 1,
nimble swimmer 1, tentacles
a: no special abilities


You were on level 8 of the Dungeon.
You visited 2 branches of the dungeon, and saw 9 of its levels.
You also visited: Sewer.

You collected 402 gold pieces.

Inventory:

Hand Weapons
 a - a +4 flail
 b - a +4 trident (weapon)
Missiles
 w - 5 throwing nets
Armour
 v - a +0 kite shield
Jewellery
 e - a ring of protection from fire (left tentacle)
 f - an amulet of the acrobat (around mantle)
 g - a +4 ring of slaying (right tentacle)
 q - a ring of protection from cold (on tentacle)
Scrolls
 d - 2 scrolls of enchant armour
 i - a scroll of vulnerability
 k - 2 scrolls of identify
 r - a scroll of teleportation
 u - a scroll of blinking
Potions
 c - a potion of cancellation
 h - a potion of brilliance
 j - 3 potions of curing
 l - 2 potions of flight
 n - 2 potions of haste
 o - a potion of attraction
 p - 3 potions of heal wounds
 t - a potion of magic
Miscellaneous
 x - a piece from Xom's chessboard (15/15)


   Skills:
 - Level 4.6 Fighting
 - Level 4.4 Polearms
 - Level 4.1 Dodging
 - Level 2.6 Stealth
 + Level 8.5 Spellcasting
 + Level 9.9 Conjurations
 + Level 9.5 Translocations


You had 20 spell levels left.
You knew the following spells:

 Your Spells              Type           Power      Damage    Failure   Level
a - Magic Dart            Conj           100%       1d8       1%          1
b - Searing Ray           Conj           100%       2d8       1%          2
c - Iskenderun's Mystic   Conj/Tloc      56%        2d12      1%          4

Your spell library contained the following spells:

 Spells                   Type           Power      Damage    Failure   Level
 Shock                    Conj/Air       100%       1d9       1%          1
 Dazzling Flash           Conj/Hex       70%        N/A       2%          3
 Volatile Blastmotes      Fire/Tloc      68%        2d15      2%          3
 Fulminant Prism          Conj/Hex       17%        3d11      8%          4
 Swiftness                Air            10%        N/A       17%         3
 Airstrike                Air            5%         2d(1-17)  50%         4
 Lee's Rapid Deconstruct  Erth           5%         3d6*      85%         5


Dungeon Overview and Level Annotations

Branches:
Dungeon (8/15)             Temple (1/1) D:5            Lair (0/5) D:8
  Sewer (visited)

Altars:
Ashenzari
Cheibriados
Dithmenos
Gozag
Hepliaklqana
Makhleb
Nemelex Xobeh
Uskayaw
Xom
Yredelemnul
Zin
The Shining One

Shops:
D:6 *

Annotations:
D:4 3 runed translucent doors, Dirol's ghost, amateur SpCj; oldnick's ghost, novice OpFE; ripuliukko's ghost, amateur GrEE


Innate Abilities, Weirdness & Mutations

You cannot wear most types of armour.
You are amphibious.
You can wear up to eight rings at the same time.
Your skin changes colour to match your surroundings (Stealth+).
Your rubbery body absorbs attacks. (AC +1, EV +1)
You are camouflaged when in or above water. (Stealth+)
You have tentacles for arms and can constrict up to eight enemies at once.


Message History

HP restored.
Casting: Iskenderun's Mystic Blast (dangerous; 1% risk of failure)
Confirm with . or Enter, or press ? or * to list all spells.
Aiming: Searing Ray (safe; 1% risk of failure)
Press: ? - help, Shift-Dir - straight line, f/p - death yak
Aim: a death yak (94% to hit)
The searing ray misses the death yak. (Press . to maintain the ray.) Unknown command.
The searing ray hits the death yak!
The death yak is lightly wounded.
Casting: Searing Ray (safe; 1% risk of failure)
Confirm with . or Enter, or press ? or * to list all spells.
You can't see any susceptible monsters within range! (Use Z to cast anyway.)
Casting: Searing Ray (safe; 1% risk of failure)
Confirm with . or Enter, or press ? or * to list all spells.
You erupt in a blast of force!
The mystic blast hits the death yak!
The death yak is moderately wounded.
The death yak is knocked back by the mystic blast.
The death yak gores you!!
Casting: Iskenderun's Mystic Blast (dangerous; 1% risk of failure)
Confirm with . or Enter, or press ? or * to list all spells.
You erupt in a blast of force!
The mystic blast hits the death yak but does no damage.
The death yak is moderately wounded.
The death yak closely misses you. The death yak gores you!
Casting: Iskenderun's Mystic Blast (dangerous; 1% risk of failure)
Confirm with . or Enter, or press ? or * to list all spells.
You erupt in a blast of force!
The mystic blast hits the death yak!
The death yak is heavily wounded.
The death yak misses you. The death yak completely misses you.
Okay, then.
The death yak attacks as you move away! The death yak gores you.
You enter the shallow water.
The death yak gores you!!
* * * LOW HITPOINT WARNING * * *
The death yak attacks as you move away! The death yak gores you!!
You die...

#.##.....###...~(.........#......
#.##.....##....≈≈.........#......
#.##.....##..~))~.........+....)#
#.##.....#...~.(()........#......
#.##.....#..~..~)~........#....##
#.########..~.~~.~..#.#####.#....
#.........#.~.≈~....#.#####.....#
#########.#.~~~~~Y..#.........#.#
#.#...≈≈@~~.##.....####.#
#.##..~≈.≈~.##..∩..# #.#
#.##..~~.~.###.....# #.#
#.##..~~.~.# #.....####.#
#.###..~...# #..........# #.#
##.~...# ############
#.####~~.#.##############
#.....≈..................
######≈##################


You could see a death yak.

Vanquished Creatures
  2 death yaks (D:8)
  An ugly thing (D:7)
  Maggie (D:6)
  A wyvern (D:8)
  20 yaks
  2 steam dragons (D:8)
  Menkaure (D:6)
  2 water moccasins
  An orc warrior (D:6)
  2 ice beasts (D:8)
  2 wolves (D:8)
  2 centaurs (D:7)
  2 ogres
  A phantom (D:6)
  3 kobold brigands
  3 bullfrogs
  4 gnoll sergeants
  4 scorpions
  14 wights
  5 killer bees (D:6)
  5 howler monkeys
  An electric eel (D:8)
  3 jellies
  A gnoll bouda (D:8)
  3 orc priests
  A hound (D:4)
  Crazy Yiuf (D:7)
  7 orc wizards
  2 iguanas
  Robin (D:3)
  22 gnolls
  4 river rats
  13 adders
  2 shadow imps
  3 white imps (D:8)
  A howler monkey simulacrum (D:8)
  2 ufetubi (D:5)
  3 worms
  3 dart slugs
  30 orcs
  4 bats
  7 endoplasms
  3 giant cockroaches
  18 goblins
  11 hobgoblins
  3 jackals (D:3)
  3 quokkas
  9 ball pythons
  26 kobolds
  11 rats
276 creatures vanquished.

Vanquished Creatures (collateral kills)
  An ufetubus (D:5)
1 creature vanquished.

Vanquished Creatures (others)
  An orc (D:8)
1 creature vanquished.

Grand Total: 278 creatures vanquished

Notes
Turn   | Place    | Note
-------+----------+-------------------------------------------
     0 | D:1      | Ijustatesigmund the Octopode Conjurer began the quest for
                  | the Orb.
     0 | D:1      | Reached XP level 1. HP: 11/11 MP: 3/3
   401 | D:1      | Reached XP level 2. HP: 18/18 MP: 3/5
   442 | D:1      | Learned a level 2 spell: Searing Ray
   570 | D:1      | Reached skill level 1 in Fighting
   877 | D:1      | Reached XP level 3. HP: 23/23 MP: 3/6
  1334 | D:2      | Reached XP level 4. HP: 27/29 MP: 0/8
  1781 | D:3      | You fall into a shaft and drop 2 floors!
  1781 | D:5      | Entered Level 5 of the Dungeon
  1822 | D:5      | Found an opulent altar of Gozag.
  1831 | D:5      | Found a staircase to the Ecumenical Temple.
  1834 | Temple   | Entered the Ecumenical Temple
  1963 | D:5      | Noticed an ogre
  1971 | D:5      | Killed an ogre
  1972 | D:5      | Reached skill level 1 in Polearms
  1972 | D:5      | Reached skill level 5 in Conjurations
  1972 | D:5      | Reached XP level 5. HP: 34/34 MP: 0/9
  2149 | D:5      | Found a glowing drain.
  2153 | Sewer    | Entered a sewer
  2546 | Sewer    | Reached XP level 6. HP: 39/39 MP: 6/11
  2611 | Sewer    | Learned a level 4 spell: Iskenderun's Mystic Blast
  2726 | Sewer    | Reached skill level 1 in Translocations
  3238 | D:3      | Reached XP level 7. HP: 45/45 MP: 8/12
  3736 | D:3      | Noticed Robin
  3744 | D:3      | Killed Robin
  4583 | D:4      | Found a shimmering altar of Xom.
  4736 | D:4      | Found a runed translucent gate.
  4737 | D:4      | Found a runed translucent gate.
  4738 | D:4      | Found a runed translucent gate.
  4750 | D:4      | Noticed Dirol's ghost (amateur SpCj)
  4750 | D:4      | Noticed oldnick's ghost (novice OpFE)
  4750 | D:4      | Noticed ripuliukko's ghost (amateur GrEE)
  5224 | D:5      | Found a shadowy altar of Dithmenos.
  5524 | D:5      | Found a glowing silver altar of Zin.
  5939 | D:5      | Found a broken altar of Ashenzari.
  6240 | D:6      | Reached XP level 8. HP: 50/50 MP: 9/14
  6518 | D:6      | Reached skill level 5 in Translocations
  6660 | D:6      | Noticed Maggie
  6684 | D:6      | Killed Maggie
  6685 | D:6      | Reached skill level 5 in Spellcasting
  6809 | D:6      | Reached XP level 9. HP: 55/55 MP: 11/16
  7112 | D:6      | Noticed Menkaure
  7118 | D:6      | Killed Menkaure
  7278 | D:6      | Found Sidit's Fire Supplies.
  9392 | D:7      | Reached XP level 10. HP: 53/65 MP: 19/19
  9833 | D:7      | Found a runed translucent door.
  9834 | D:7      | Noticed Crazy Yiuf
 10211 | D:7      | Killed Crazy Yiuf
 10846 | D:8      | Found a staircase to the Lair.
 10846 | D:8      | Noticed a death yak
 11943 | D:8      | Noticed a brown ugly thing
 11967 | D:7      | Killed a brown ugly thing
 12499 | D:8      | Reached XP level 11. HP: 66/70 MP: 13/22
 12560 | D:8      | Noticed a death yak
 12560 | D:8      | Noticed a death yak
 12945 | D:8      | Killed a death yak
 14236 | D:8      | Killed a death yak
 14454 | D:8      | Mangled by a death yak

Illustrated notes

Levels and vault maps discovered:
D:1:      amcnicky_arrival_double_pillar, layout_loops_ring,
          minmay_misc_feat_room, st_stairs_11
D:2:      layout_rooms, minmay_surrounded
D:3:      layout_loops_ring, dk_vineyard_3, chequers_serial_rivers_large_b,
          uniq_robin
D:4:      layout_basic, lemuel_round_altar, gammafunk_ghost_cemetery,
          grunt_ministairs_2
D:5:      minmay_evil_eye, layout_loops_ring, mainiacjoe_overflow_alcove_4,
          mainiacjoe_overflow_tiny_flanked, mainiacjoe_overflow_24_doors,
          pf_just_have_faith, temple_fountains, gup_sewer_entry_bowl,
          minmay_misc_feat_square
D:6:      layout_gridville, nicolae_shop_fire_sale [nicolae_sub_dead_trees],
          uniq_menkaure, uniq_maggie
D:7:      layout_loops_ring, uniq_crazy_yiuf_cottage
D:8:      layout_basic, dpeg_lair_monsters, serial_ice, serial_ice_b,
          serial_ice_g, serial_ice_k, serial_ice_a, kennysheep_island_fort
Temple:   hellmonk_temple_beads

Skill      XL: |  1  2  3  4  5  6  7  8  9 10 11 |
---------------+----------------------------------+-----
Fighting       | 1 2 4 |  4.6
Polearms       | 1 2 3 4 |  4.4
Spellcasting   | 3 4 5 6 7 8 |  8.5
Conjurations   | 5 6 7 9 |  9.9
Translocations | 2 3 5 7 8 9 |  9.5
Dodging        | 3 4 |  4.1
Stealth        | |  2.6

Action                     |  1- 3 |  4- 6 |  7- 9 | 10-12 || total
---------------------------+-------+-------+-------+-------++-------
  Melee: Short sword       |    17 |     1 |       |       ||    18
         Tentacles         |     4 |     5 |    28 |    22 ||    59
         Constrict         |     2 |     6 |    23 |    13 ||    44
         Spear             |       |    26 |    74 |       ||   100
         Trident           |       |       |    50 |   141 ||   191
         Punch             |       |       |     1 |       ||     1
   Cast: Magic Dart        |    59 |    80 |   127 |    80 ||   346
         Searing Ray       |       |     2 |    28 |    24 ||    54
         Iskenderun's Myst |       |       |    10 |    32 ||    42
    Use: Scroll            |       |     6 |    14 |     2 ||    22
         Potion            |       |       |     5 |     2 ||     7
   Stab: Sleeping          |     1 |     3 |     6 |     1 ||    11
         Distracted        |       |       |       |     1 ||     1
 Armour: Skin              |       |       |       |     1 ||     1
  Dodge: Dodged            |    11 |    16 |    85 |   118 ||   230
